 Dungeon Crawl Stone Soup version 0.20.0-15-g7f486f2 (webtiles) character file.

84 botchamania the Insei (level 4, -1/28 HPs)
             Began as an Octopode Transmuter on June 27, 2017.
             Slain by an adder (3 damage)
             ... while paralysed by Grinder
             ... on level 3 of the Dungeon.
             The game lasted 00:07:13 (2220 turns).

botchamania the Insei (Octopode Transmuter)         Turns: 2220, Time: 00:07:14

Health: -1/28      AC:  1    Str:  9    XL:     4   Next: 45%
Magic:  14/16      EV:  2    Int: 15    God:
Gold:   171        SH:  0    Dex: 13    Spells: 1/7 levels left

rFire    . . .     SeeInvis .     - Unarmed
rCold    . . .     Gourm    .   (no shield)
rNeg     . . .     Faith    .   (helmet restricted)
rPois    .         Spirit   .   (no amulet)
rElec    .         Reflect  .   g - ring of magical power
rCorr    .         Harm     .   (no ring)
MR       .....                  (no ring)
Stlth    ++........             (no ring)
Regen    0.1/turn               (no ring)
MPRegen  0.2/turn               (no ring)
                                (no ring)
                                (no ring)

@: paralysed
A: almost no armour, stealthy swim, amphibious, 8 rings, constrict 8, camouflage
1, gelatinous body 1
a: no special abilities


You were on level 3 of the Dungeon.
You were hungry.

You visited 1 branch of the dungeon, and saw 3 of its levels.

You collected 171 gold pieces.

Inventory:

Hand Weapons
 a - a +0 club
Missiles
 f - 5 exploding tomahawks (quivered)
 i - 15 arrows
Jewellery
 g - a ring of magical power (left tentacle)
Scrolls
 d - 4 scrolls of random uselessness
 e - 2 scrolls of identify
 l - a scroll of noise {unknown}
Potions
 h - a potion of ambrosia
 k - a potion of mutation
 m - a potion of curing {unknown}
Books
 b - a book of Changes

   Spells                             Type                      Level
   a - Beastly Appendage              Transmutation                1
   b - Sticks to Snakes               Transmutation                2
   c - Spider Form                    Transmutation/Poison         3
   d - Ice Form                       Ice/Transmutation            4
   e - Blade Hands                    Transmutation                5
Comestibles
 c - a bread ration


   Skills:
 - Level 1.0 Fighting
 - Level 2.0 Dodging
 + Level 4.1 Unarmed Combat
 - Level 2.0 Spellcasting
 + Level 3.5 Transmutations


You had one spell level left.
You knew the following spells:

 Your Spells              Type           Power        Failure   Level  Hunger
a - Beastly Appendage     Tmut           ##....       5%          1    #......
b - Sticks to Snakes      Tmut           ##......     8%          2    ###....
c - Spider Form           Tmut/Pois      #.........   32%         3    ###....


Dungeon Overview and Level Annotations

Branches:
Dungeon (3/15)

Altars:

Annotations:
D:3 Grinder, Ijyb


Innate Abilities, Weirdness & Mutations

You cannot wear most types of armour.
You are very stealthy in the water. (Stealth+)
You are amphibious.
You can wear up to eight rings at the same time.
You can use your tentacles to constrict eight enemies at once.
Your skin changes colour to match your surroundings (Stealth+).
Your rubbery body absorbs attacks. (AC +1, EV +1)


Message History

The orc is severely wounded.
You kill the orc!
The orc misses you. Grinder gestures at you.
You suddenly lose the ability to move!
The orc hits you from afar with a trident! x2
* * * LOW HITPOINT WARNING * * *
Grinder blinks!
Your transformation has ended.
The adder bites you but does no damage.
The orc hits you from afar with a trident.
* * * LOW HITPOINT WARNING * * *
Grinder gestures at you.
You barely resist. The adder bites you.
* * * LOW HITPOINT WARNING * * *
The orc hits you from afar with a trident.
* * * LOW HITPOINT WARNING * * *
The adder bites you.
You die...

#....#.#...?...
#...#.#.......
#..#.#......
#.....o....
#.....#
#.#######.....#
#......o......#
.#.###S#.....#
#@#.....#
#†#.....#
#.#).<).#
#5#.....#
..#.>...#
###.....#
#.....# #.....#
#######


You could see Grinder, an adder and an orc.

Vanquished Creatures
  2 adders (D:2)
  2 worms (D:2)
  A dart slug (D:2)
  2 orcs (D:3)
  3 bats
  2 giant cockroaches
  5 goblins
  5 hobgoblins
  3 jackals (D:2)
  A ball python (D:2)
  2 frilled lizards (D:1)
  3 kobolds
  8 rats
39 creatures vanquished.

Vanquished Creatures (collateral kills)
  An adder (D:2)
  A gnoll (D:1)
  A worm (D:2)
  A goblin (D:1)
  2 jackals
  A rat (D:2)
7 creatures vanquished.

Grand Total: 46 creatures vanquished

Notes
Turn   | Place    | Note
-------+----------+-------------------------------------------
     0 | D:1      | botchamania the Octopode Transmuter began the quest for the Orb.
     0 | D:1      | Reached XP level 1. HP: 13/13 MP: 3/3
   281 | D:1      | Reached XP level 2. HP: 18/18 MP: 5/5
   288 | D:1      | Learned a level 2 spell: Sticks to Snakes
   943 | D:2      | Reached XP level 3. HP: 23/23 MP: 6/6
  1312 | D:2      | Learned a level 3 spell: Spider Form
  1381 | D:2      | Reached XP level 4. HP: 22/28 MP: 7/7
  1417 | D:2      | Reached skill level 4 in Unarmed Combat
  2194 | D:3      | Noticed Grinder
  2200 | D:3      | Noticed Ijyb
  2215 | D:3      | Paralysed by Grinder for 6 turns
  2220 | D:3      | Slain by an adder

Skill      XL: |  1  2  3  4 |
---------------+-------------+-----
Transmutations | 3 |  3.5
Unarmed Combat | 4 |  4.1
Fighting       | |  1.0
Dodging        | |  2.0
Spellcasting   | |  2.0

Action                   |  1- 3 |  4- 6 || total
-------------------------+-------+-------++-------
Melee: Unarmed           |    55 |    29 ||    84
       Constrict         |    16 |     2 ||    18
       Tentacles         |    12 |     1 ||    13
       Kick              |    13 |       ||    13
 Cast: Beastly Appendage |    14 |     1 ||    15
       Sticks to Snakes  |    11 |     1 ||    12
       Spider Form       |       |     5 ||     5
  Use: Scroll            |     5 |     2 ||     7
       Potion            |     1 |       ||     1
 Stab: Sleeping          |     8 |     1 ||     9
  Eat: Chunk             |     2 |     3 ||     5
Armor: Skin              |     8 |     1 ||     9
Dodge: Dodged            |    27 |    20 ||    47
